AoeStats
← Mayshen

Fortress

510383305Analyzed
1v1 RM · 1d ago on Sep 30, 2026· 57m 33s· 2 players
Game mode
Random Map
Map size
Small (3 player)
Population
200
Speed
Normal
Resources
Standard
Victory
Conquest
Starting age
Dark Age
Ending age
Imperial Age
RankedLock teamsTeams togetherTeam positionsShared explorationLock speedFull tech treeHidden civsTurbo modeCheats
Victory
Defeat
🇳🇴 Wei · Norway
1027
+16
🇩🇪 Byzantines · Germany
1027
-16
ola-
6:38 Feudal Age
7:19 Double-Bit Axe
12:06 Castle Age
10:13 Horse Collar
11:04 Gold Mining
11:55 Stone Mining
12:59 Bow Saw
12:55 Heavy Plow
14:10 Gold Shaft Mining
18:53 Wheelbarrow
20:08 Hand Cart
20:11 Devotion
22:35 Forging
22:30 Scale Barding Armor
24:13 Stone Shaft Mining
23:33 Loom
24:35 Iron Casting
24:21 Chain Barding Armor
29:49 Imperial Age
27:38 Bloodlines
27:28 Husbandry
28:34 Fletching
29:29 Bodkin Arrow
29:30 Town Watch
30:29 Ballistics
30:08 Elite Tiger Cavalry
32:04 Blast Furnace
32:46 Town Patrol
33:19 Crop Rotation
33:14 Thumb Ring
33:34 Parthian Tactics
33:34 Conscription
34:12 Ming Guang Armor
34:42 Bracer
35:51 Chemistry
37:16 Pikeman
37:56 Halberdier
39:23 Padded Archer Armor
40:43 Scale Mail Armor
40:58 Leather Archer Armor
43:17 Squires
43:36 Chain Mail Armor
43:52 Ring Archer Armor
45:25 Masonry
45:11 Murder Holes
45:26 Fortified Wall
46:57 Arson
54:34 Hoardings
57:55 Faith
Mayshen
7:26 Feudal Age
11:39 Castle Age
9:56 Double-Bit Axe
10:03 Horse Collar
10:12 Loom
10:42 Gold Mining
12:18 Wheelbarrow
20:44 Bow Saw
21:18 Hand Cart
22:24 Gold Shaft Mining
21:55 Heavy Plow
22:51 Pikeman
23:32 Squires
27:41 Imperial Age
25:45 Ballistics
25:15 Guard Tower
25:42 Murder Holes
27:58 Halberdier
29:03 Scale Mail Armor
29:14 Forging
29:12 Capped Ram
30:24 Chain Mail Armor
30:16 Scale Barding Armor
31:28 Iron Casting
34:05 Conscription
35:35 Chemistry
35:04 Onager
37:12 Two-Man Saw
36:58 Crop Rotation
37:28 Elite Skirmisher
38:47 Siege Ram
40:01 Bombard Tower
39:32 Guard Tower
39:53 Fortified Wall
41:33 Plate Mail Armor
42:32 Chain Barding Armor
43:43 Padded Archer Armor
43:33 Fletching
44:19 Plate Barding Armor
44:24 Keep
44:55 Stone Mining
47:49 Treadmill Crane
49:24 Crossbowman
51:33 Arbalester
53:52 Thumb Ring
Connection lost

Rejoining the realm…

Still unreachable

The connection could not be restored.

Session expired

The server has moved on; the page needs a fresh start.